 Dungeon Crawl Stone Soup version 0.20.0-8-g6b59dc7 (webtiles) character file.

323 Darkell the Chiller (level 6, -1/41 HPs)
             Began as a Demonspawn Ice Elementalist on June 2, 2017.
             Slain by Sigmund
             ... wielding a +0 scythe
              (11 damage)
             ... on level 4 of the Dungeon.
             The game lasted 00:05:15 (3100 turns).

Darkell the Chiller (Demonspawn Ice Elementalist)   Turns: 3100, Time: 00:05:15

Health: -1/41      AC:  4    Str:  8    XL:     6   Next: 23%
Magic:  7/9        EV: 12    Int: 19    God:
Gold:   143        SH:  0    Dex: 13    Spells: 8/9 levels left

rFire    . . .     SeeInvis .   n - +1 dagger (elec)
rCold    . . .     Gourm    .   (no shield)
rNeg     . . .     Faith    .   a - +0 robe
rPois    .         Spirit   .   (no helmet)
rElec    .         Reflect  .   l - +0 cloak
rCorr    .         Harm     .   m - -2 pair of gloves (curse)
MR       .....                  (no boots)
Stlth    +.........             (no amulet)
Regen    0.2/turn               (no ring)
MPRegen  0.2/turn               (no ring)

@: confused, slowed, very slow
A: hooves 1, slimy green scales 1, demonic guardian 1
a: no special abilities


You were on level 4 of the Dungeon.
You were not hungry.

You visited 1 branch of the dungeon, and saw 4 of its levels.

You collected 143 gold pieces.

Inventory:

Hand Weapons
 h - a +0 short sword
 n - a +1 dagger of electrocution (weapon)
Armour
 a - a +0 robe (worn)
 k - a +0 pair of gloves
 l - a +0 cloak (worn)
 m - a cursed -2 pair of gloves (worn)
Wands
 d - a wand of lightning (4/15)
Scrolls
 e - 4 scrolls of identify
 f - 3 scrolls of immolation
 g - 2 scrolls of teleportation
 o - a scroll of fear {unknown}
 p - a scroll of enchant weapon {unknown}
Potions
 j - a potion of degeneration
Books
 b - a book of Frost

   Spells                             Type                      Level
   a - Freeze                         Ice                          1
   b - Throw Frost                    Conjuration/Ice              2
   c - Ozocubu's Armour               Charms/Ice                   3
   d - Throw Icicle                   Conjuration/Ice              4
   e - Summon Ice Beast               Ice/Summoning                4
Comestibles
 c - 2 bread rations


   Skills:
 - Level 1.7 Dodging
 - Level 1.7 Stealth
 - Level 2.0 Spellcasting
   Level 1.0 Conjurations
 + Level 6.4 Ice Magic


You had 8 spell levels left.
You knew the following spells:

 Your Spells              Type           Power        Failure   Level  Hunger
a - Freeze                Ice            ####         1%          1    #......


Dungeon Overview and Level Annotations

Branches:
Dungeon (4/15)
 Temple: D:4-7

Altars:
Ashenzari
Makhleb
Trog
Xom

Shops:
D:4 }

Annotations:
D:4 Natasha, Sigmund


Innate Abilities, Weirdness & Mutations

You have large cloven feet.
You are partially covered in slimy green scales. (AC +2)
A weak demonic guardian rushes to your aid.


Message History

You don't have the energy to cast that spell.
You eat the meat ration.
That meat ration really hit the spot!
Natasha closely misses you.
You hear some strange, mumbled words.
You are confused.
Unknown command.
Okay, then.
You're too confused to cast spells.
You're too confused to cast spells.
You're too confused to cast spells.
Natasha casts a spell at you.
You feel yourself slow down.
You bump into the rock wall.
Natasha claws you. Something hits you but does no damage.
You bump into the rock wall.
Natasha misses you. Something hits you.
* * * LOW HITPOINT WARNING * * *
Natasha misses you.
You closely miss your white imp. Natasha claws you but does no damage.
Something hits you!
You die...

#..<.<.# #####..#
#..# #####..######
#...........#
#.###..####. #.#
#..# #.#
#>.####.####
#∩###..5@.......
#.##..!h###.####
##### #.##..#{.#
#...## #.###....{.
.....# #.#
#...##### .....#
#.# #.#.# #
.....####.###.#.##
#...............'.
#...####........#


You could see Natasha and a friendly white imp.

Vanquished Creatures
  The ghost of destino the Stinger, an amateur FoVM (D:4)
  An ogre (D:4)
  3 gnolls (D:2)
  5 adders
  2 oozes
  A worm (D:2)
  A dart slug (D:3)
  2 leopard geckos
  An orc (D:4)
  5 bats
  5 goblins
  4 hobgoblins
  4 jackals (D:2)
  8 kobolds
  A quokka (D:3)
  4 frilled lizards
  6 rats
54 creatures vanquished.

Notes
Turn   | Place    | Note
-------+----------+-------------------------------------------
     0 | D:1      | Darkell the Demonspawn Ice Elementalist began the quest for the Orb.
     0 | D:1      | Reached XP level 1. HP: 13/13 MP: 3/3
   181 | D:1      | Reached skill level 3 in Ice Magic
   389 | D:1      | Gained mutation: A weak demonic guardian rushes to your aid. [demonic ancestry]
   389 | D:1      | Reached XP level 2. HP: 19/19 MP: 3/5
   951 | D:2      | Gained mutation: You are partially covered in slimy green scales. (AC +2) [demonic ancestry]
   951 | D:2      | Reached XP level 3. HP: 22/24 MP: 2/6
  1126 | D:2      | Reached skill level 4 in Ice Magic
  1175 | D:2      | Found a burning altar of Makhleb.
  1175 | D:2      | Noticed a balrug
  1253 | D:2      | Reached XP level 4. HP: 14/30 MP: 0/7
  1967 | D:3      | Found a bloodstained altar of Trog.
  1969 | D:3      | Found a shimmering altar of Xom.
  2287 | D:3      | Reached skill level 5 in Ice Magic
  2804 | D:4      | Gained mutation: You have large cloven feet. [demonic ancestry]
  2804 | D:4      | Reached XP level 5. HP: 35/35 MP: 3/8
  3019 | D:4      | Found a shattered altar of Ashenzari.
  3024 | D:4      | Noticed an ogre
  3032 | D:4      | Killed an ogre
  3042 | D:4      | Noticed destino's ghost (amateur FoVM)
  3060 | D:4      | Killed destino's ghost
  3060 | D:4      | Reached skill level 6 in Ice Magic
  3060 | D:4      | Reached XP level 6. HP: 23/41 MP: 7/9
  3075 | D:4      | Found Kyaneh's Gadget Shop.
  3088 | D:4      | Noticed Natasha
  3091 | D:4      | Noticed Sigmund
  3100 | D:4      | Slain by Sigmund

Skill      XL: |  1  2  3  4  5 |
---------------+----------------+-----
Ice Magic      | 3 4 5 6 |  6.4
Dodging        | |  1.7
Stealth        | |  1.7
Spellcasting   | |  2.0
Conjurations   | |  1.0

Action                   |  1- 3 |  4- 6 || total
-------------------------+-------+-------++-------
Melee: Unarmed           |     4 |       ||     4
       Short sword       |    17 |    35 ||    52
       Dagger            |       |     8 ||     8
       Kick              |       |     1 ||     1
 Cast: Freeze            |    50 |    45 ||    95
  Use: Potion            |     2 |       ||     2
       Scroll            |       |     3 ||     3
 Stab: Sleeping          |     1 |       ||     1
  Eat: Chunk             |     2 |     4 ||     6
       Meat ration       |       |     1 ||     1
Armor: Robe              |    13 |    27 ||    40
Dodge: Dodged            |    40 |    53 ||    93
